 Dungeon Crawl Stone Soup version 0.28-a0-1524-ge72afd5fc6 (webtiles) character file.

Game seed: 5953420707633529675

4 dave1331 the Firebug (level 1, -2/14 HPs)
             Began as a Hill Orc Fire Elementalist on Jan 17, 2022.
             Slain by a kobold (4 damage)
             ... on level 1 of the Dungeon.
             The game lasted 00:01:19 (104 turns).

dave1331 the Firebug (Hill Orc Fire Elementalist)    Turns: 104, Time: 00:01:19

Health: -2/14      AC:  2    Str: 10    XL:     1   Next: 70%
Magic:  3/3        EV: 12    Int: 15    God:
Gold:   0          SH:  0    Dex: 11    Spells: 2/3 levels left

rFire   . . .      SeeInvis .   (no weapon)
rCold   . . .      Faith    .   (no shield)
rNeg    . . .      Spirit   .   a - +0 robe
rPois   .          Reflect  .   (no helmet)
rElec   .          Harm     .   (no cloak)
rCorr   .          Rampage  .   (no gloves)
Will    .....                   (no boots)
Stlth   ++........              (no amulet)
HPRegen 0.04/turn               (no ring)
MPRegen 0.08/turn               (no ring)

@: no status effects
A: no striking features
a: no special abilities


You were on level 1 of the Dungeon.
You visited 1 branch of the dungeon, and saw 1 of its levels.

Inventory:

Armour
 a - a +0 robe (worn)


   Skills:
 + Level 1.6 Dodging
 + Level 1.6 Stealth
 + Level 1.6 Spellcasting
 + Level 1.1 Conjurations
 + Level 3.3 Fire Magic


You had 2 spell levels left.
You knew the following spells:

 Your Spells              Type           Power      Damage    Failure   Level
a - Foxfire               Conj/Fire      32%        2x1d5     9%          1

Your spell library contained the following spells:

 Spells                   Type           Power      Damage    Failure   Level
 Scorch                   Fire           22%        2d6       9%          2
 Conjure Flame            Conj/Fire      8%         6-21      26%         3
 Inner Flame              Hex/Fire       6%         N/A       34%         3
 Flame Wave               Conj/Fire      8%         2d4       65%         4


Dungeon Overview and Level Annotations

Branches:
Dungeon (1/15)

Altars:


Message History

You kill the kobold!
Things that are here:
a +0 dagger; a stone
Things that are here:
a +0 dagger; a stone A rat and a ball python come into view.
The ball python hisses angrily.
The ball python bites you. The ball python grabs you.
The ball python constricts you.
The ball python bites you but does no damage.
The ball python constricts you.
You hit the ball python.
You kill the ball python!
Found a runed buckler.
A goblin comes into view. It is wielding a +0 dagger.
The rat closely misses you.
You hit the rat.
The rat is moderately wounded.
The rat bites you.
You barely miss the rat.
The rat is moderately wounded.
The rat bites you.
You hit the rat.
You kill the rat!
The goblin shouts!
You hear a shout!
A kobold comes into view. It is wielding a +0 club.
Found a hunting sling.
You hit the goblin.
The goblin is severely wounded.
The goblin hits you with a +0 dagger.
* * * LOW HITPOINT WARNING * * *
You hit the goblin.
You kill the goblin!
The kobold throws a stone.
The stone barely misses you.
A hobgoblin comes into view.
You closely miss the kobold. The kobold hits you with a +0 club.
* * * LOW HITPOINT WARNING * * *
You closely miss the kobold. The kobold misses you.
You closely miss the kobold. The kobold hits you with a +0 club.
You die...

.......................
........##...........[....
........##................
........##................
.)......##...............)
........##................
........##................
........##................
........##†.....@K.)g....#
........##...............#
##########...............#
#################


You could see a hobgoblin and a kobold.

Vanquished Creatures
  A goblin (D:1)
  A kobold (D:1)
  A ball python (D:1)
  A frilled lizard (D:1)
  A rat (D:1)
5 creatures vanquished.

Notes
Turn   | Place    | Note
-------+----------+-------------------------------------------
     0 | D:1      | dave1331 the Hill Orc Fire Elementalist began the quest for
                  | the Orb.
     0 | D:1      | Reached XP level 1. HP: 14/14 MP: 3/3
   104 | D:1      | Slain by a kobold

Illustrated notes

Levels and vault maps discovered:
D:1:      mrwooster_arrival_statue_2, layout_basic,
          ebering_ecumenical_altar_sacrificial, minmay_splitting_lines,
          minmay_misc_feat_pillars

Action                   || total
-------------------------++-------
Melee: Unarmed           ||    18
Armor: Robe              ||     3
Dodge: Dodged            ||     7

Table legend: (Time is in decaauts)
 A = Elapsed time spent in this place.
 B = Non-inter-level travel time spent in this place.
 C = Inter-level travel time spent in this place.
 D = Time resting spent in this place.
 E = Time spent auto-exploring this place.
 F = Levels seen in this place.
 G = Mean time per level.
                   A        B        C        D        E       F      G
               +--------+--------+--------+--------+--------+-----+--------+
         Total |    104 |     69 |     35 |      0 |      0 |   1 |  104.0 |
       Dungeon |    104 |     69 |     35 |      0 |      0 |   1 |  104.0 |
               +--------+--------+--------+--------+--------+-----+--------+

Top non-repeatable levels by time:
     D:1: 104 daAuts
